 Dungeon Crawl Stone Soup version 0.30.0-5-g1a98f26d00 (webtiles) character file.

Game seed: 17276832693153953440

1427 avis the Cleaver (level 8, -4/66 HPs)
             Began as a Hill Orc Monk on May 9, 2023.
             Slain by a gnoll sergeant
             ... wielding a +3 spear of venom
              (9 damage)
             ... on level 5 of the Dungeon.
             The game lasted 00:29:30 (4960 turns).

avis the Cleaver (Hill Orc Monk)                    Turns: 4960, Time: 00:29:30

Health: -4/66      AC: 15    Str: 16    XL:     8   Next: 72%
Magic:  17/17      EV:  8    Int: 10    God:
Gold:   133        SH:  0    Dex: 13    Spells: 7/7 levels left

rFire   . . .        b - +2 spear (venom)
rCold   . . .        (no shield)
rNeg    . . .        q - +0 chain mail
rPois   .            (helmet restricted)
rElec   .            A - +0 cloak
rCorr   .            v - +0 pair of gloves
SInv    .            s - +2 pair of boots
Will    .....        G - amulet of reflection Stlth
                     h - ring of magical power
HPRegen 0.31/turn    (no ring)
MPRegen 0.15/turn

%: reflection
@: confused, lethally poisoned (-4 -> -30), ambrosia-drunk
A: antennae 1
a: no special abilities


You were on level 5 of the Dungeon.
You visited 1 branch of the dungeon, and saw 5 of its levels.

You collected 133 gold pieces.

Inventory:

Hand Weapons
 a - a +0 war axe
 b - a +2 spear of venom (weapon)
 p - a +0 hand axe
 w - a +0 dagger of protection
 z - a +2 quarterstaff of chaos
 C - a +2 whip of draining
 E - a +0 spear
 H - a +0 shortbow
 K - a +0 halberd
 L - a +0 trident
Missiles
 f - 10 javelins
 i - 18 poisoned darts (quivered)
 k - 6 boomerangs of dispersal
 o - 8 boomerangs
 N - 3 throwing nets
Armour
 d - an orb of light
 e - an orb of light
 q - a +0 chain mail (worn)
 s - a +2 pair of boots (worn)
 v - a +0 pair of gloves (worn)
 A - a +0 cloak (worn)
 I - a +0 buckler
 M - a +0 buckler
 Q - a +0 robe of cold resistance
Jewellery
 h - a ring of magical power (left hand)
 G - an amulet of reflection (around neck)
Wands
 x - a wand of paralysis (11)
 P - a wand of polymorph (8)
Scrolls
 g - 5 scrolls of amnesia {unknown}
 m - a scroll of fog {unknown}
 n - 9 scrolls of identify {unknown}
 u - a scroll of butterflies {unknown}
 y - a scroll of noise {unknown}
 D - a scroll of teleportation {unknown}
 F - a scroll of torment {unknown}
 J - a scroll of fear {unknown}
 O - a scroll of magic mapping {unknown}
Potions
 j - a potion of flight {unknown}
 l - a potion of attraction {unknown}
 r - a potion of haste {unknown}
 t - 2 potions of mutation
 B - a potion of might {unknown}


   Skills:
 - Level 4.0 Fighting
 * Level 12.6 Axes
 + Level 4.4 Armour
 - Level 3.0 Dodging


You had 7 spell levels left.
You didn't know any spells.
Your spell library contained the following spells:

 Spells                   Type           Power      Damage    Failure   Level
 Apportation              Tloc           0%         N/A       99%         1
 Magic Dart               Conj           0%         1d3       99%         1
 Summon Small Mammal      Summ           0%         N/A       99%         1
 Poisonous Vapours        Pois/Air       0%         N/A       99%         2
 Searing Ray              Conj           0%         2d4       99%         2
 Call Canine Familiar     Summ           0%         N/A       100%        3
 Mephitic Cloud           Conj/Pois/Air  0%         N/A       100%        3
 Portal Projectile        Hex/Tloc       0%         N/A       100%        3
 Summon Guardian Golem    Hex/Summ       0%         N/A       100%        3
 Fulminant Prism          Conj/Hex       0%         3d5       100%        4
 Leda's Liquefaction      Hex/Erth       0%         N/A       100%        4
 Freezing Cloud           Conj/Ice/Air   0%         6-21      100%        5


Dungeon Overview and Level Annotations

Branches:
Dungeon (5/15)             Temple (0/1) D:5

Altars:
Cheibriados
Vehumet
The Shining One

Shops:
D:4 (

Annotations:
D:4 2 transporters, hawla's ghost, amateur MeFE


Innate Abilities, Weirdness & Mutations

You have a pair of small antennae on your head.


Message History

The gnoll sergeant is moderately wounded.
You feel very sick.
The gnoll bouda mumbles some strange prayers to its god.
The gnoll bouda is healed somewhat.
The gnoll sergeant hits you from afar with a +3 spear of venom.
You are more poisoned.
Reach: b) +2 spear (venom)
Press: ? - help, Dir - move target, f/p - gnoll sergeant
Aim: a gnoll sergeant, wielding a +3 spear of venom, wearing a +0 ring mail and wearing a +0 kite shield (moderately wounded, covering ground quickly, very poisoned, about 24% to evade your +2 spear of venom)
The gnoll bouda is in the way.
You barely miss the gnoll bouda.
The gnoll bouda is severely wounded.
You feel very sick.
The gnoll bouda hits you but does no damage.
The gnoll sergeant hits you from afar with a +3 spear of venom.
You are lethally poisoned!
Reach: b) +2 spear (venom)
Press: ? - help, Dir - move target, f/p - gnoll sergeant
Aim: a gnoll sergeant, wielding a +3 spear of venom, wearing a +0 ring mail and wearing a +0 kite shield (moderately wounded, covering ground quickly, very poisoned, about 24% to evade your +2 spear of venom)
Okay, then.
It was a potion of mutation.
You feel extremely strange.
Your vision sharpens.
Your vision seems duller.
A pair of antennae grows on your head!
You feel extremely sick.
The gnoll sergeant hits you from afar with a +3 spear of venom.
* * * LOW HITPOINT WARNING * * *
You are more poisoned.
The gnoll bouda hits you but does no damage.
You are confused.
You feel invigorated.
* * * LOW HITPOINT WARNING * * *
You feel extremely sick. The gnoll bouda closely misses you.
The gnoll sergeant hits you from afar with a +3 spear of venom.
* * * LOW HITPOINT WARNING * * *
You are more poisoned.
* * * LOW HITPOINT WARNING * * *
You feel extremely sick.
You kill the gnoll bouda!
The gnoll sergeant hits you from afar with a +3 spear of venom!
You die...

.....................># #
#>..g####.........# #
##.....##..#......##...#.
###.g.....#......##.....
###....#................
#......................#
#.....###g###...........##
#.....# #)# #............#
.......# #@# #....##.......
.......'.._###.#..#....)<..
......###.###.#.[#....###'
.... #.# #...).....#... #'#
#.####....#... ......#
#..[#.'##' ...#..
#..####..# ...#. #...###..#
. . .......#..#


You could see a gnoll sergeant (swift, very poisoned).

Vanquished Creatures
  Grinder (D:4)
  Menkaure (D:4)
  Duvessa (D:5)
  A black bear (D:5)
  A wolf (D:5)
  An ogre (D:4)
  A centaur (D:5)
  A bullfrog (D:4)
  2 scorpions (D:4)
  A gnoll sergeant (D:5)
  Dowan (D:5)
  Crazy Yiuf (D:4)
  2 gnoll boudas (D:5)
  An iguana (D:4)
  15 gnolls
  5 adders
  2 white imps
  An ufetubus (D:5)
  8 dart slugs
  4 orcs
  8 ball pythons
  6 bats
  10 endoplasms
  2 giant cockroaches
  7 goblins
  6 hobgoblins
  3 jackals (D:5)
  3 quokkas
  3 frilled lizards
  7 kobolds
106 creatures vanquished.

Notes
Turn   | Place    | Note
-------+----------+-------------------------------------------
     0 | D:1      | avis the Hill Orc Monk began the quest for the Orb.
     0 | D:1      | Reached XP level 1. HP: 19/19 MP: 1/1
   208 | D:1      | Reached XP level 2. HP: 27/27 MP: 2/2
   522 | D:1      | Reached skill level 5 in Axes
   609 | D:1      | Reached XP level 3. HP: 27/33 MP: 3/3
  1481 | D:2      | Reached skill level 6 in Axes
  1602 | D:2      | Reached XP level 4. HP: 40/40 MP: 4/4
  2329 | D:3      | Found a faded altar of an unknown god.
  2337 | D:3      | Got Plato's Parchment of Orientation
  2434 | D:3      | Found a snail-covered altar of Cheibriados.
  2468 | D:4      | Noticed Menkaure
  2468 | D:4      | Noticed a bullfrog
  2577 | D:4      | Found a transporter.
  2619 | D:4      | Reached skill level 7 in Axes
  2649 | D:4      | Found a transporter.
  2670 | D:4      | Noticed hawla's ghost (amateur MeFE)
  2716 | D:4      | Noticed a scorpion
  2727 | D:4      | Killed a scorpion
  2728 | D:4      | Reached XP level 5. HP: 40/46 MP: 5/5
  2803 | D:4      | Reached skill level 8 in Axes
  2891 | D:4      | Reached XP level 6. HP: 52/52 MP: 6/6
  2914 | D:4      | Found Qieru's Weapon Boutique.
  3083 | D:4      | HP: 2/52 [Menkaure (10)]
  3090 | D:4      | Killed Menkaure
  3091 | D:4      | Reached skill level 9 in Axes
  3091 | D:4      | Reached XP level 7. HP: 20/59 MP: 7/7
  3220 | D:4      | Reached skill level 10 in Axes
  3366 | D:4      | Noticed Grinder
  3375 | D:4      | Killed Grinder
  3376 | D:4      | Reached skill level 1 in Armour
  3511 | D:4      | Found a runed translucent door.
  3513 | D:4      | Noticed Crazy Yiuf
  3532 | D:4      | Killed Crazy Yiuf
  3940 | D:5      | Entered Level 5 of the Dungeon
  4008 | D:5      | Reached skill level 11 in Axes
  4008 | D:5      | Reached XP level 8. HP: 59/66 MP: 8/8
  4236 | D:5      | Found a glowing golden altar of the Shining One.
  4467 | D:5      | Reached skill level 12 in Axes
  4669 | D:5      | Noticed Duvessa
  4669 | D:5      | Noticed Dowan
  4686 | D:5      | Killed Duvessa
  4695 | D:5      | Killed Dowan
  4894 | D:5      | Found a staircase to the Ecumenical Temple.
  4923 | D:5      | Found a radiant altar of Vehumet.
  4958 | D:5      | Gained mutation: You have supernaturally acute eyesight.
                  | (SInv) [potion of mutation]
  4958 | D:5      | Lost mutation: You have supernaturally acute eyesight.
                  | (SInv) [potion of mutation]
  4958 | D:5      | Gained mutation: You have a pair of small antennae on your
                  | head. [potion of mutation]
  4960 | D:5      | Slain by a gnoll sergeant

Illustrated notes

Levels and vault maps discovered:
D:1:      tarquinn_simple_flora_water_a, layout_loops_ring
D:2:      layout_basic
D:3:      layout_basic, marbit_many_paths, shapermc_ecumenical_altar_rom_forum,
          grunt_ministairs_6
D:4:      layout_basic, gammafunk_ghost_gnarly_gnolls, serial_shops,
          nicolae_shop_crystal, minmay_close_crescents, uniq_crazy_yiuf_cottage,
          uniq_menkaure, uniq_grinder
D:5:      layout_cave_pools, lemuel_doored_altar, mainiacjoe_overflow_24_doors,
          minmay_temple_entry_from_below_a, serial_gnoll_camp,
          gnoll_camp_mini_loothouse, gnoll_camp_huts_moat, gnoll_camp_medium_02,
          gnoll_camp_mini_hut, gnoll_camp_mini_sergeant, gnoll_camp_mini_hut,
          sigmund_edmund_badplayer, uniq_blork_the_orc, uniq_duvessa,
          uniq_sigmund

Skill      XL: |  1  2  3  4  5  6  7  8 |
---------------+-------------------------+-----
Fighting       | 4 |  4.0
Axes           | 5 6 7 8 9 11 12 | 12.6
Dodging        | 3 |  3.0
Armour         | 2 4 |  4.4

Action                     |  1- 3 |  4- 6 |  7- 9 || total
---------------------------+-------+-------+-------++-------
  Melee: Hand axe          |    95 |       |       ||    95
         Spear             |    19 |    86 |   153 ||   258
         War axe           |       |     8 |    45 ||    53
         Punch             |       |       |     2 ||     2
  Throw: Dart              |       |     4 |       ||     4
  Evoke: Wand              |       |     1 |       ||     1
    Use: Potion            |       |     1 |     2 ||     3
   Stab: Sleeping          |     1 |       |       ||     1
 Armour: Robe              |    20 |       |       ||    20
         Ring mail         |     6 |       |       ||     6
         Chain mail        |       |    22 |    62 ||    84
  Dodge: Dodged            |    46 |    26 |    56 ||   128
  Block: Other             |       |       |    27 ||    27
         Reflection        |       |       |     2 ||     2
